 Dungeon Crawl Stone Soup version 0.29-a0-870-g2c972031a6 (webtiles) character file.

Game seed: 2669003849438804654

7682 mathmaestro the Artisan of Death (level 11, 37/90 HPs)
             Began as a Demonspawn Necromancer on July 17, 2022.
             Was a Priest of Kikubaaqudgha.
             Quit the game on level 10 of the Dungeon on July 18, 2022.
             The game lasted 00:34:00 (10344 turns).

mathmaestro the Artisan of Death (DsNe)            Turns: 10344, Time: 00:34:01

Health: 37/90      AC:  9    Str: 15    XL:     11   Next: 0%
Magic:  6/24       EV: 12    Int: 28    God:    Kikubaaqudgha [***...]
Gold:   287        SH:  0    Dex: 13    Spells: 13/28 levels left

rFire   + . .      SeeInvis .   F - +11 sling of Okawaru's Delight {vorpal, rElec}
rCold   + . .      Faith    .   (no shield)
rNeg    + . .      Spirit   +   B - +0 leather armour {rN+}
rPois   .          Reflect  .   (helmet unavailable)
rElec   +          Harm     .   (no cloak)
rCorr   .          Rampage  .   e - +0 pair of gloves
Will    .....                   u - +1 pair of boots
Stlth   ++........              t - amulet "Nibrivaq" {RegenMP rF+ Int+7}
HPRegen 0.25/turn               r - ring of protection from cold
MPRegen 0.78/turn               w - +6 ring of strength

@: animating dead
A: horns 3, icy blue scales 1, ignite blood 1, magic shield, magic regeneration
a: Renounce Religion, Unearth Wretches


You were on level 10 of the Dungeon.
You worshipped Kikubaaqudgha.
Kikubaaqudgha was most pleased with you.
You visited 2 branches of the dungeon, and saw 11 of its levels.

You collected 586 gold pieces.
You spent 299 gold pieces at shops.

Inventory:

Hand Weapons
 k - a +5 falchion
 s - a +1 dagger of electrocution
 F - the +11 sling of Okawaru's Delight (weapon) {vorpal, rElec}
   (You found it on level 8 of the Dungeon)

   Any ammunition fired from it inflicts extra damage upon your enemies.
   rElec:     It insulates you from electricity.
Missiles
 a - 8 boomerangs
Armour
 e - a +0 pair of gloves (worn)
 u - a +1 pair of boots (worn)
 B - a +0 leather armour of positive energy (worn)
Jewellery
 m - an amulet of regeneration
 n - a ring of see invisible
 r - a ring of protection from cold (left hand)
 t - the amulet "Nibrivaq" (around neck) {RegenMP rF+ Int+7}
   (You found it on level 6 of the Dungeon)

   [amulet of magic regeneration]

   It increases your rate of magic regeneration.
   Int:       It affects your intelligence (+7).
   rF:        It protects you from fire.
 w - a +6 ring of strength (right hand)
 x - a ring of protection from fire
 y - the amulet "Zaeteoh" {Acrobat Harm Will+}
   (You took it off an orc warrior on level 7 of the Dungeon)

   [amulet of the acrobat]

   It increases your evasion while moving and waiting.
   Harm:      It increases damage dealt and taken.
   Will:      It increases your willpower.
Wands
 i - a wand of light (4)
 D - a wand of flame (16)
 H - a wand of paralysis (4)
Scrolls
 g - 4 scrolls of teleportation
 C - a scroll of amnesia
 G - a scroll of enchant armour
 I - a scroll of enchant weapon
Potions
 b - a potion of magic
 c - 3 potions of curing
 d - 2 potions of invisibility
 f - 2 potions of might
 h - a potion of mutation {unknown}
 j - 2 potions of brilliance
 l - 3 potions of haste
 o - 2 potions of resistance {unknown}
 p - 3 potions of lignification
 q - a potion of ambrosia {unknown}
 v - a potion of berserk rage {unknown}
 A - a potion of flight {unknown}
 E - a potion of heal wounds
Miscellaneous
 z - a box of beasts


   Skills:
 + Level 9.7 Fighting
 - Level 5.0 Armour
 - Level 2.0 Dodging
 - Level 2.0 Stealth
 + Level 9.2 Spellcasting
 - Level 10.0 Necromancy


You had 13 spell levels left.
You knew the following spells:

 Your Spells              Type           Power      Damage    Failure   Level
a - Necrotise             Necr           100%       1d9       1%          1
b - Vampiric Draining     Necr           62%        2d10      1%          3
c - Animate Dead          Necr           62%        N/A       1%          4
d - Agony                 Necr           62%        N/A       2%          5
e - Sublimation of Blood  Necr           62%        N/A       1%          2

Your spell library contained the following spells:

 Spells                   Type           Power      Damage    Failure   Level
 Dispel Undead            Necr           62%        3d22      1%          4
 Shock                    Conj/Air       48%        1d6       5%          1
 Anguish                  Hex/Necr       20%        N/A       7%          4
 Static Discharge         Conj/Air       12%        3-5/arc   8%          2
 Corpse Rot               Necr/Pois/Air  31%        N/A       13%         4
 Dazzling Flash           Conj/Hex       24%        N/A       16%         3
 Swiftness                Air            12%        N/A       16%         3
 Borgnjor's Vile Clutch   Necr/Erth      20%        N/A       19%         5
 Airstrike                Air            6%         0-3+      45%         4
 Iskenderun's Mystic Bla  Conj/Tloc      12%        2d5       45%         4
 Simulacrum               Ice/Necr       20%        N/A       71%         6
 Lightning Bolt           Conj/Air       6%         1d18      82%         5
 Starburst                Conj/Fire      6%         6d4       100%        6
 Maxwell's Capacitive Co  Air            6%         ∞         100%        8


Dungeon Overview and Level Annotations

Branches:
Dungeon (10/15)            Temple (1/1) D:7            Lair (0/5) D:8
    Orc: D:9-12

Altars:
Ashenzari
Cheibriados
Dithmenos
Fedhas
Gozag
Hepliaklqana
Kikubaaqudgha
Makhleb
Nemelex Xobeh
Okawaru
Qazlal
Ru
Sif Muna
Trog
Uskayaw
Vehumet
Wu Jian
Xom
Yredelemnul

Shops:
D:2 *?(   D:4 [([!*


Innate Abilities, Weirdness & Mutations

You have a pair of large horns on your head.
You are partially covered in icy blue scales. (AC +2)
Your demonic aura sometimes causes spilled blood to erupt in flames.
When hurt, damage is shared between your health and your magic reserves.
You regenerate magic rapidly.


Message History

A magic dart appears from out of thin air!
The magic dart hits you but does no damage.
Your troll zombie barely misses the manticore.
Your troll zombie claws the manticore but does no damage. x2
You hit something but do no damage. Lightning courses through something!!
Kikubaaqudgha accepts your kill.
Reactivating autopickup.
You feel a bit more experienced.
The dead are walking!
An orc comes into view. It is wielding a +0 mace.
The manticore barely misses your troll zombie.
The manticore claws your troll zombie! The manticore claws your troll zombie.
Your orc zombie hits the manticore but does no damage.
Your troll zombie bites the manticore.
Your troll zombie claws the manticore!
Your troll zombie barely misses the manticore.
Your +1 dagger of electrocution stops crackling.
F - the +11 sling of Okawaru's Delight (weapon)
{vorpal, rElec} The manticore bites your troll zombie!
Your troll zombie is destroyed!
Unknown command.
Fire: F) +11 sling of Okawaru's Delight {vorpal, rElec}
Press: ? - help, Q - select action, (/) - cycle Shift-Dir - straight line, f - manticore
Aim: a manticore (almost dead, unaware, ally target, hasn't noticed you, 79% to hit)
You shoot a sling bullet. The sling bullet hits the manticore!
You kill the manticore!
Kikubaaqudgha accepts your kill.
The dead are flying!
You have reached level 11!
Your demonic ancestry asserts itself...
Your blood heats up.
Fire: F) +11 sling of Okawaru's Delight {vorpal, rElec}
Press: ? - help, Q - select action, (/) - cycle Shift-Dir - straight line, f - orc
Aim: an orc, wielding a +0 mace (ally target, 71% to hit)
You shoot a sling bullet. The sling bullet hits the orc!!
You kill the orc!
Kikubaaqudgha accepts your kill.
The dead are walking!
You carefully extract the barbed spikes from your body.
Okay, then.
Unknown command.
Are you sure you want to abandon this character and quit the game? (Confirm with "yes".)

........### ... .
...........#... .
.......)...#.##
....Z).)......#
........).....#
.......Z.)....#
........)>...### ...
......ZZ.......## #..#
#......@..#..... ...###
##.......####..###......
##......###.##..........
........................
............(#..........
##.......##...........^.
#.......####...##.......
.......##. #..###.......
#..........##.####.......


You could see a friendly manticore zombie, 2 friendly orc zombies and a friendly
orc wizard zombie.

Vanquished Creatures
  3 two-headed ogres
  A manticore (D:10)
  A troll (D:10)
  A hornet (D:9)
  A shadow (D:6)
  3 yaks
  A wraith (D:7)
  2 wargs (D:8)
  Menkaure (D:5)
  3 water moccasins
  A black bear (D:6)
  An ice beast (D:7)
  2 orc warriors
  2 ogres
  2 centaurs
  A phantom (D:6)
  2 bullfrogs (D:7)
  A scorpion (D:7)
  A wight (D:7)
  13 killer bees
  4 howler monkeys (D:7)
  A hound (D:6)
  A gnoll bouda (D:4)
  3 jellies
  2 orc priests
  2 iguanas
  8 orc wizards
  Robin (D:3)
  9 gnolls
  4 adders
  A shadow imp (D:8)
  2 white imps (D:7)
  An ufetubus (D:6)
  4 dart slugs
  27 orcs
  7 ball pythons
  6 bats
  8 endoplasms
  A giant cockroach (D:2)
  15 goblins
  5 hobgoblins
  2 jackals (D:1)
  4 kobolds
  A quokka (D:1)
  9 frilled lizards
  4 rats (D:1)
175 creatures vanquished.

Vanquished Creatures (collateral kills)
  A two-headed ogre (D:7)
  A troll (D:9)
  A shadow (D:7)
  An orc warrior (D:7)
  An ogre (D:7)
  3 killer bees (D:7)
  An orc priest (D:7)
  4 orcs
  An endoplasm (D:1)
  A hobgoblin (D:1)
  3 frilled lizards (D:1)
18 creatures vanquished.

Vanquished Creatures (others)
  A troll zombie (D:10)
  2 warg zombies (D:8)
  10 killer bee zombies
  An ice beast zombie (D:7)
  An ogre zombie (D:7)
  A goblin (D:3)
  A gnoll zombie (D:4)
  14 orc zombies
  6 plants (D:1)
37 creatures vanquished.

Grand Total: 230 creatures vanquished

Notes
Turn   | Place    | Note
-------+----------+-------------------------------------------
     0 | D:1      | mathmaestro the Demonspawn Necromancer began the quest for
                  | the Orb.
     0 | D:1      | Reached XP level 1. HP: 13/13 MP: 3/3
   363 | D:1      | Gained mutation: You regenerate magic rapidly. [demonic
                  | ancestry]
   363 | D:1      | Reached XP level 2. HP: 20/20 MP: 1/5
   533 | D:1      | Found a faded altar of an unknown god.
   748 | D:1      | Reached skill level 1 in Fighting
   913 | D:1      | Gained mutation: You are partially covered in icy blue
                  | scales. (AC +2) [demonic ancestry]
   913 | D:1      | Reached XP level 3. HP: 26/26 MP: 1/6
  1372 | D:1      | Learned a level 3 spell: Vampiric Draining
  1482 | D:2      | Found Basaehujen's Assorted Antiques.
  1720 | D:2      | Found a hide-covered altar of Uskayaw.
  1727 | D:2      | Found Nexkov's Magic Scroll Emporium.
  1913 | D:2      | Found Odizisio's Weapon Shoppe.
  2312 | D:3      | Noticed an ogre
  2326 | D:3      | Killed an ogre
  2327 | D:3      | Reached skill level 5 in Necromancy
  2327 | D:3      | Reached XP level 4. HP: 30/34 MP: 1/8
  2327 | D:3      | Gained mutation: When hurt, damage is shared between your
                  | health and your magic reserves. [demonic ancestry]
  2327 | D:3      | Reached XP level 5. HP: 34/39 MP: 1/9
  2368 | D:3      | Learned a level 4 spell: Animate Dead
  2515 | D:3      | Noticed Robin
  2561 | D:3      | Killed Robin
  3261 | D:2      | Bought a glittering crystal amulet for 130 gold pieces
  3261 | D:2      | Identified the amulet "Negierha" {Spirit MP+9} (You bought
                  | it in a shop on level 2 of the Dungeon)
  3463 | D:4      | Found Conluap's Antique Armour Emporium.
  3518 | D:4      | Noticed an ogre
  3655 | D:4      | Found Kocvizxe's Assorted Antiques.
  3658 | D:4      | Found Uxuil's Distillery.
  3665 | D:4      | Bought a potion of curing for 39 gold pieces
  3741 | D:4      | Found Guire's Weapon Emporium.
  3788 | D:4      | Found a broken altar of Ashenzari.
  3960 | D:4      | Found Maossewk's Armour Shop.
  4163 | D:4      | Killed an ogre
  4164 | D:4      | Reached skill level 1 in Armour
  4164 | D:4      | Reached XP level 6. HP: 47/47 MP: 5/11
  4296 | D:4      | Reached skill level 6 in Necromancy
  4472 | D:5      | Entered Level 5 of the Dungeon
  4511 | D:5      | You fall into a shaft and drop 2 floors!
  4537 | D:6      | Noticed a shadow
  4553 | D:7      | Found a staircase to the Ecumenical Temple.
  4561 | Temple   | Entered the Ecumenical Temple
  4858 | Temple   | Became a worshipper of Kikubaaqudgha
  4943 | D:7      | Found an ornate altar of the Wu Jian Council.
  5209 | D:5      | Learned a level 5 spell: Agony
  5296 | D:5      | Noticed Menkaure
  5336 | D:5      | Killed Menkaure
  5337 | D:5      | Gained mutation: You have a pair of small horns on your
                  | head. [demonic ancestry]
  5337 | D:5      | Reached XP level 7. HP: 32/53 MP: 6/13
  5938 | D:2      | Bought a small ivory ring for 130 gold pieces
  6155 | D:6      | Killed a shadow
  6467 | D:6      | Gained mutation: You have a pair of horns on your head.
                  | [demonic ancestry]
  6467 | D:6      | Reached XP level 8. HP: 58/61 MP: 13/15
  6552 | D:6      | Identified the amulet "Nibrivaq" {RegenMP rF+ Int+7}
  6922 | D:7      | Reached skill level 7 in Necromancy
  6932 | D:7      | Reached skill level 5 in Spellcasting
  6978 | D:7      | Reached skill level 5 in Fighting
  7019 | D:7      | Reached * piety under Kikubaaqudgha
  7019 | D:7      | Received a gift from Kikubaaqudgha
  7362 | D:7      | Noticed a two-headed ogre
  7427 | D:6      | Learned a level 2 spell: Sublimation of Blood
  7452 | D:7      | Killed a two-headed ogre
  7453 | D:7      | Reached skill level 8 in Necromancy
  7453 | D:7      | Gained mutation: You have a pair of large horns on your
                  | head. [demonic ancestry]
  7453 | D:7      | Reached XP level 9. HP: 69/69 MP: 16/18
  7469 | D:7      | Identified the +2 great sword of the Saviour {pain, rN+}
  7537 | D:7      | Reached skill level 5 in Armour
  7548 | D:7      | Reached ** piety under Kikubaaqudgha
  7554 | D:7      | Noticed a two-headed ogre
  7566 | D:7      | Killed a two-headed ogre
  7567 | D:7      | Reached skill level 9 in Necromancy
  7678 | D:7      | Identified the amulet "Zaeteoh" {Acrobat Harm Will+}
  7902 | D:7      | Found an opulent altar of Gozag.
  7906 | D:7      | Found a shimmering altar of Xom.
  7962 | D:7      | Reached XP level 10. HP: 79/79 MP: 16/20
  8768 | D:8      | Found a staircase to the Lair.
  8805 | D:8      | Identified the +11 sling of Okawaru's Delight {vorpal,
                  | rElec}
  9440 | D:9      | Paralysed by a hornet for 3 turns
  9445 | D:9      | Paralysed by a hornet for 1 turns
  9448 | D:9      | Reached skill level 10 in Necromancy
  9599 | D:9      | Noticed a two-headed ogre
  9600 | D:9      | Noticed a two-headed ogre
  9614 | D:8      | Killed a two-headed ogre
  9669 | D:9      | Killed a two-headed ogre
 10230 | D:10     | Entered Level 10 of the Dungeon
 10230 | D:10     | Noticed a manticore
 10336 | D:10     | Reached *** piety under Kikubaaqudgha
 10336 | D:10     | Received a gift from Kikubaaqudgha
 10342 | D:10     | Killed a manticore
 10343 | D:10     | Gained mutation: Your demonic aura sometimes causes spilled
                  | blood to erupt in flames. [demonic ancestry]
 10343 | D:10     | Reached XP level 11. HP: 37/90 MP: 4/24
 10344 | D:10     | Quit the game

Illustrated notes

Levels and vault maps discovered:
D:1:      minmay_arrival_stair_chambers, layout_basic,
          ebering_ecumenical_altar_sacrificial, chequers_serial_rivers_large_a,
          minmay_lizard_king
D:2:      layout_loops_ring, serial_shops, shop, nicolae_shop_statue_plus,
          nicolae_shop_bloodbath_and_beyond, basic_altar
D:3:      wad_lake_hut, layout_basic, uniq_robin
D:4:      layout_loops_cross, kennysheep_little_box, serial_shops, shop,
          nicolae_shop_temple_entry_statues_fountains, shop, shop_statue,
          nicolae_shop_behind_doors
D:5:      layout_loops_corners, corexii_hall_statues_i, uniq_menkaure
D:6:      layout_loops_ring, dk_noncrumbling_2, minmay_strange_pillars
D:7:      minmay_the_grid_plus [minmay_the_grid_large_cup,
          minmay_the_grid_square_x, minmay_the_grid_minigrid_small_alt,
          minmay_the_grid_zigzag_pyramid,
          minmay_the_grid_prize_four_corners_diamond_b], layout_rooms,
          mainiacjoe_overflow_catwalk_spiral, mainiacjoe_overflow_paths,
          minmay_temple_entry_crystal_x, minmay_misc_feat_doors
D:8:      layout_loops_ring, marbit_many_paths, erik_lair_orcish_takeover
D:9:      layout_basic
D:10:     layout_cave_pools, hiddenorc1_lemuel
Temple:   minmay_temple_bridge_d

Skill      XL: |  1  2  3  4  5  6  7  8  9 10 |
---------------+-------------------------------+-----
Stealth        | 2 |  2.0
Dodging        | 2 |  2.0
Fighting       | 1 2 3 4 6 7 9 |  9.7
Spellcasting   | 3 4 6 7 9 |  9.2
Necromancy     | 5 6 8 9 10 | 10.0
Armour         | 1 2 3 4 5 |  5.0

Action                   |  1- 3 |  4- 6 |  7- 9 | 10-12 || total
-------------------------+-------+-------+-------+-------++-------
Melee: Dagger            |     6 |    53 |   138 |    76 ||   273
       Headbutt          |       |       |    24 |    12 ||    36
       Punch             |       |       |     1 |     1 ||     2
 Fire: Sling             |     9 |       |       |     8 ||    17
Throw: Boomerang         |       |       |     2 |     2 ||     4
 Cast: Necrotise         |    70 |    78 |    44 |    12 ||   204
       Vampiric Draining |     2 |     6 |    15 |    57 ||    80
       Animate Dead      |       |     2 |     2 |     5 ||     9
Evoke: Wand              |       |     2 |     2 |     1 ||     5
  Use: Scroll            |     5 |     7 |     4 |     3 ||    19
       Potion            |       |     3 |     2 |     2 ||     7
 Stab: Invisible         |       |     2 |       |       ||     2
       Sleeping          |       |     1 |     1 |     1 ||     3
Armor: Robe              |     8 |    13 |       |       ||    21
       Leather armour    |       |    12 |    70 |    71 ||   153
Dodge: Dodged            |    19 |    66 |   121 |   106 ||   312

Table legend: (Time is in decaauts)
 A = Elapsed time spent in this place.
 B = Non-inter-level travel time spent in this place.
 C = Inter-level travel time spent in this place.
 D = Time resting spent in this place.
 E = Time spent auto-exploring this place.
 F = Levels seen in this place.
 G = Mean time per level.
                   A        B        C        D        E       F      G
               +--------+--------+--------+--------+--------+-----+--------+
         Total |  10420 |   9371 |   1049 |   1294 |   6169 |  11 |  947.3 |
       Dungeon |  10049 |   9147 |    902 |   1294 |   5958 |  10 | 1004.9 |
        Temple |    370 |    223 |    147 |      0 |    211 |   1 |  370.0 |
               +--------+--------+--------+--------+--------+-----+--------+

Top non-repeatable levels by time:
     D:3: 1442 daAuts
     D:1: 1422 daAuts
     D:7: 1292 daAuts
     D:6: 1138 daAuts
     D:8: 1131 daAuts
     D:4: 1041 daAuts
     D:5: 943 daAuts
     D:2: 824 daAuts
     D:9: 743 daAuts
  Temple: 370 daAuts
    D:10: 69 daAuts
